 Dungeon Crawl Stone Soup version 0.26-a0-597-gb535b0901c (webtiles) character file.

Game seed: 1478675168809486310

9 Alarkh the Skirmisher (level 2, 24/24 HPs)
             Began as a Demonspawn Monk on Sept 2, 2020.
             Got out of the dungeon alive.
             The game lasted 00:00:17 (394 turns).

Alarkh the Skirmisher (Demonspawn Monk)              Turns: 394, Time: 00:00:17

Health: 24/24      AC:  2    Str: 11    XL:     2   Next: 6%
Magic:  2/2        EV: 13    Int: 11    God:
Gold:   22         SH:  0    Dex: 15    Spells: 1/1 levels left

rFire    + . .     SeeInvis .     - Unarmed
rCold    . . .     Faith    .   (no shield)
rNeg     . . .     Spirit   .   a - +0 robe
rPois    .         Reflect  .   (no helmet)
rElec    .         Harm     .   (no cloak)
rCorr    .                      (no gloves)
MR       .....                  (no boots)
Stlth    ++........             (no amulet)
HPRegen  0.08/turn              (no ring)
MPRegen  0.08/turn              (no ring)

@: no status effects
A: fire resistance 1
a: no special abilities


You escaped.
You visited 1 branch of the dungeon, and saw 1 of its levels.

You collected 22 gold pieces.

Inventory:

Armour
 a - a +0 robe (worn)
Scrolls
 b - a scroll of identify {unknown}
 d - a scroll of enchant weapon {unknown}
 f - a scroll of remove curse {unknown}
Potions
 c - 2 potions of invisibility {unknown}
 e - a potion of might {unknown}


   Skills:
 + Level 3.2 Fighting
 - Level 2.6 Dodging
 - Level 1.7 Stealth
 * Level 3.1 Unarmed Combat


You had one spell level left.
You didn't know any spells.
Your spell library was empty.

Dungeon Overview and Level Annotations

Branches:
Dungeon (1/15)

Altars:


Innate Abilities, Weirdness & Mutations

Your flesh is heat resistant. (rF+)


Message History

You hit the hobgoblin.
You kill the hobgoblin!
Your Unarmed Combat skill increases to level 3!
You hit the dart slug.
The dart slug is severely wounded.
The dart slug closely misses you.
You hit the dart slug.
The dart slug is severely wounded.
The dart slug misses you.
You hit the dart slug.
You kill the dart slug!
You have reached level 2!
Your demonic ancestry asserts itself...
You feel resistant to heat.
Things that are here:
a +0 club; a hobgoblin corpse
f - a scroll labeled TANKYK KEUM
There is a staircase leading out of the dungeon here.
Are you sure you want to leave the Dungeon?
This will make you lose the game!
You have escaped!

####.######.##.#######
#(......###.##.###
###.##.##.##..##...##
.....................#
≈≈≈≈≈≈≈≈P...P≈≈≈≈≈≈≈≈P.#
.≈≈≈≈≈≈≈≈≈≈...≈≈≈≈≈≈≈≈≈≈.####
#.≈≈≈≈≈≈≈≈≈≈...≈≈≈≈≈≈≈≈≈≈.....
#.P≈≈≈≈≈≈≈≈.....≈≈≈≈≈≈≈≈P.####
####............@............####
.....P≈≈≈≈≈≈≈≈.....≈≈≈≈≈≈≈≈P....^
...#.≈≈≈≈≈≈≈≈≈≈...≈≈≈≈≈≈≈≈≈≈.###.
##.#.≈≈≈≈≈≈≈≈≈≈...≈≈≈≈≈≈≈≈≈≈.# ##
#...P≈≈≈≈≈≈≈≈P...P≈≈≈≈≈≈≈≈P.#
##...........................####
.........####.#########.#.##.....
####...### #.# #...#######
###...### #.# ###+##


There were no monsters in sight!

Vanquished Creatures
  A dart slug (D:1)
  A giant cockroach (D:1)
  2 hobgoblins (D:1)
  A bat (D:1)
  2 frilled lizards (D:1)
  A rat (D:1)
8 creatures vanquished.

Notes
Turn   | Place    | Note
-------+----------+-------------------------------------------
     0 | D:1      | Alarkh the Demonspawn Monk began the quest for the Orb.
     0 | D:1      | Reached XP level 1. HP: 18/18 MP: 1/1
   356 | D:1      | Gained mutation: Your flesh is heat resistant. (rF+)
                  | [demonic ancestry]
   356 | D:1      | Reached XP level 2. HP: 22/24 MP: 2/2
   394 | D:$      | Got out of the dungeon alive.

Illustrated notes

Levels and vault maps discovered:
D:1:      giann_bridges, layout_loops_corners

Skill      XL: |  1 |
---------------+----+-----
Unarmed Combat | 3 |  3.1
Fighting       | |  3.2
Dodging        | |  2.6
Stealth        | |  1.7

Action                   || total
-------------------------++-------
Melee: Unarmed           ||    32
Armor: Robe              ||     4
Dodge: Dodged            ||    21

Table legend: (Time is in decaauts)
 A = Elapsed time spent in this place.
 B = Non-inter-level travel time spent in this place.
 C = Inter-level travel time spent in this place.
 D = Time resting spent in this place.
 E = Time spent auto-exploring this place.
 F = Levels seen in this place.
 G = Mean time per level.
                   A        B        C        D        E       F      G
               +--------+--------+--------+--------+--------+-----+--------+
         Total |    392 |    360 |     32 |      0 |    289 |   1 |  392.0 |
       Dungeon |    392 |    360 |     32 |      0 |    289 |   1 |  392.0 |
               +--------+--------+--------+--------+--------+-----+--------+

Top non-repeatable levels by time:
     D:1: 392 daAuts
